Unix NetHack Version 3.7.0-65 Work-in-progress - last build Oct 10 2022 05:34:18 (2afc5cfc90f7ecdc2856d9919a2295b875398e55,branch:master). Game began 2022-10-13 11:59:10, ended 2022-10-13 12:51:24. ichbinmiah, chaotic female human Rogue -------------- --------- ..[..........-# ---------- .......[| # |............|### |........| #|........# ###-............| # #.........-# ##-.......|# # -------------- # %|(.......|# ##---------# # # #----------# ## # # # ## # # # ## ###rr ### # ## # # @ -----# ## ## ## # rrd#+ |...|# ## ### ### # ### |.|.|# # ## #-------## #)... |....## # ## #|.....|# )...>| |...| # ## #|.....|# ....| |<..| # ### #|.....|# ....| |...| #-------## #|.....-# ----- ----- #|.....|# #|.....| #......-# #......| --+---- ------- Ichbinmiah the Rogue St:15 Dx:17 Co:11 In:12 Wi:11 Ch:10 Chaotic Dlvl:7 $:19 HP:0(41) Pw:20(20) AC:3 Xp:6/465 T:5358 Latest messages: The wererat bites! YipYip misses the rabid rat. YipYip misses the rabid rat. You swap places with YipYip. The rabid rat bites! The sewer rat bites! YipYip bites the rabid rat. The rabid rat misses YipYip. YipYip misses the rabid rat. It misses the sewer rat. You hear some noises. What do you want to throw? [$a or ?*] In what direction? You throw 2 daggers. The 1st dagger hits the rabid rat. The 2nd dagger hits the rabid rat. The rabid rat bites! You hit the rabid rat. The rabid rat bites! It bites the rabid rat. The rabid rat is killed! a - 2 uncursed +0 daggers (6 in total). The giant rat just misses! YipYip bites the giant rat. The giant rat is killed! YipYip misses it. YipYip misses it. YipYip misses the sewer rat. YipYip bites the sewer rat. The sewer rat is killed! YipYip misses the wererat. You hit the wererat. The wererat summons help! A sewer rat suddenly appears next to you! A giant rat suddenly appears next to you! A sewer rat suddenly appears next to you! The wererat bites! YipYip bites the wererat. YipYip misses the wererat. You stop. YipYip is in the way! The sewer rat just misses! The giant rat misses! The sewer rat bites! The wererat bites! You die... Do you want your possessions identified? [ynq] (y) Do you want to see your attributes? [ynq] (y) Do you want an account of creatures vanquished? [ynaq] (y) Do you want to see your conduct and achievements? [ynq] (y) Do you want to see the dungeon overview? [ynq] (y) Inventory: Coins $ - 19 gold pieces Weapons a - 6 uncursed +0 daggers (wielded) Armor s - an uncursed +0 dwarvish iron helm (being worn) m - an uncursed +0 pair of iron shoes (being worn) v - an uncursed +0 dwarvish cloak (being worn) c - an uncursed +1 leather armor (being worn) Tools j - an uncursed sack containing 9 items t - a cursed expensive camera (0:97) k - an uncursed lock pick p - an uncursed +0 pick-axe Contents of the sack: 1127 gold pieces 9 cursed -2 silver arrows an uncursed +0 fauchard 3 blessed scrolls of blank paper an uncursed scroll of blank paper a cursed potion of sleeping an uncursed potion of invisibility an uncursed ring of teleport control an uncursed worthless piece of violet glass Ichbinmiah the Rogue's attributes: Background: You were a Rogue, level 6 female human. You were chaotic, on a mission for Kos who was opposed by Issek (lawful) and Mog (neutral). You were in the Dungeons of Doom, on level 7. You entered the dungeon 5358 turns ago. You had 465 experience points, 175 more were needed to attain level 7. Basics: You had 0 out of 41 hit points. You had all 20 energy points (spell power). Your armor class was 3. Your wallet contained 19 zorkmids. Autopickup was on for '$?!/="+*' plus thrown, with exceptions. Final Characteristics: Your strength was 15 (limit:18/100). Your dexterity was 17 (peak:18, limit:18). Your constitution was 11 (limit:18). Your intelligence was 12 (limit:18). Your wisdom was 11 (limit:18). Your charisma was 10 (limit:18). Final Status: You were not hungry. You were unencumbered. You were wielding daggers. You were skilled in dagger. Final Attributes: You were piously aligned. You were telepathic. You were stealthy. You were warded. You are dead. Miscellaneous: You disabled loading of bones levels. Total elapsed playing time was 52 minutes and 11 seconds. Major events: Turn 1: ichbinmiah the chaotic female human Rogue entered the dungeon 749: attained the rank of Cutpurse (level 3) 1768: entered the Gnomish Mines 4578: attained the rank of Rogue (level 6) 5358: killed by a wererat Vanquished creatures: a leprechaun a dingo a raven a snake an imp a shrieker a violet fungus 2 gnome leaders a gray ooze 2 paper golems a giant ant a little dog 3 floating eyes a kitten 5 dwarves 2 kobold shamans 2 rothes a rabid rat 3 giant bats 2 orc zombies 4 iguanas 2 killer bees 2 acid blobs 2 hobbits 2 manes a large kobold 3 hobgoblins 10 giant rats 3 cave spiders 2 brown molds 2 yellow molds a red mold 7 gnomes a gnome zombie 2 geckos 6 jackals 2 foxes 2 kobolds 2 goblins 4 sewer rats 2 grid bugs 7 bats 6 lichens a kobold zombie 6 newts 115 creatures vanquished. No species were genocided or became extinct. Voluntary challenges: You read items or engraved 6 times. You engraved Elbereth 2 times. You never genocided any monsters. You never polymorphed an object. You never changed form. You used no wishes. Achievements: You attained the rank of Cutpurse. You entered the Gnomish Mines. You attained the rank of Rogue. The Dungeons of Doom: levels 1 to 7 Level 1: Level 2: Some fountains. Level 3: A fountain, a sink. Stairs down to The Gnomish Mines. Level 4: "vault on level" Level 5: "vault on level, killer bees!" A fountain. Level 6: "vault on level" A fountain, a grave. Level 7: <- You were here. A grave. Final resting place for you, killed by a wererat. The Gnomish Mines: Level 4: Game over: ---------- / \ / REST \ / IN \ / PEACE \ / \ | ichbinmiah | | 1146 Au | | killed by a | | wererat | | | | | | 2022 | *| * * * | * _________)/\\_//(\/(/\)/\//\/|_)_______ Goodbye ichbinmiah the Rogue... You died in The Dungeons of Doom on dungeon level 7 with 3202 points, and 1146 pieces of gold, after 5358 moves. You were level 6 with a maximum of 41 hit points when you died.